Map: 世界主宰-天梯版

Players

夜蝶蝶蝶蝶蝶蝶蝶 (Firefly) - Winner!

  • Race: Protoss Protoss

JieShi

  • Race: Protoss Protoss
  • League: Master

Event: DreamHack SC2 Masters 2021 Summer

VOD

Have the link to the VOD?

Description

Time

  • Played on: May 29, 2021, 8:03 a.m.
  • Length: 9:30

All games in this series

Show
View Real Time Build Order
Export as new Build Order

夜蝶蝶蝶蝶蝶蝶蝶 Protoss - Winner!

Build Orders: Oracle Opening 

Get SALT Encoding   

  12  0:00  Probe  
  13  0:12  Probe  
  14  0:21  Pylon  
  14  0:24  Probe  
  15  0:39  Probe (Chrono Boost), Gateway  
  16  0:49  Probe (Chrono Boost)  
  17  0:52  Assimilator  
  17  0:54  Probe (Chrono Boost)  
  18  0:58  Assimilator  
  18  1:05  Probe (Chrono Boost)  
  19  1:13  Gateway  
  19  1:17  Probe (Chrono Boost)  
  21  1:25  Probe (Chrono Boost)  
  21  1:27  Cybernetics Core  
  21  1:31  Probe  
  21  1:37  Pylon  
  22  1:43  Probe  
  23  1:56  Probe  
  24  2:02  Stalker  
  24  2:03  Stalker, Warp Gate  
  28  2:13  Pylon  
  28  2:29  Stargate  
  28  2:36  Probe  
  28  2:48  Nexus  
  28  2:52  Probe  
  29  3:02  Shield Battery  
  29  3:06  Probe  
  29  3:10  Oracle (Chrono Boost)  
  30  3:18  Probe  
  34  3:24  Pylon  
  34  3:30  Probe  
  35  3:37  Oracle (Chrono Boost)  
  38  3:43  Probe, Twilight Council  
  39  3:53  Stalker  
  41  3:55  Probe  
  41  4:00  Probe  
  43  4:04  Stalker  
  46  4:10  Probe (Chrono Boost)  
  46  4:13  Probe (Chrono Boost)  
  47  4:21  Probe (Chrono Boost)  
  47  4:22  Probe (Chrono Boost)  
  49  4:25  Blink (Chrono Boost)  
  49  4:26  Probe (Chrono Boost)  
  49  4:27  Probe (Chrono Boost)  
  51  4:36  Probe  
  52  4:39  Probe, Forge  
  52  4:45  Stalker  
  55  4:48  Probe  
  55  4:49  Stalker  
  55  4:51  Probe  
  59  4:55  Shield Battery  
  59  4:58  Pylon  
  59  5:00  Probe  
  59  5:03  Probe  
  59  5:05  Assimilator  
  61  5:10  Protoss Ground Weapons Level 1 (Chrono Boost), Pylon  
  61  5:12  Probe  
  61  5:13  Assimilator  
  62  5:16  Probe  
  63  5:24  Probe  
  61  5:32  Stalker  
  61  5:33  Stalker  
  65  5:38  Probe  
  65  5:40  Probe  
  67  5:48  Gateway  
  67  5:52  Gateway  
  67  5:56  Nexus, Robotics Facility  
  67  5:58  Pylon  
  66  6:08  Stalker  
  66  6:09  Stalker  
  66  6:10  Probe x2  
  72  6:13  Charge (Chrono Boost)  
  72  6:15  Pylon  
  72  6:22  Probe x2  
  74  6:33  Pylon  
  74  6:34  Probe x2  
  74  6:35  Sentry x2  
  80  6:41  Shield Battery  
  80  6:46  Probe x2, Observer  
  83  6:49  Gateway  
  83  6:50  Gateway  
  83  6:57  Gateway x2  
  83  6:58  Probe x2  
  85  7:07  Warp Prism  
  87  7:08  Probe  
  87  7:10  Probe x2  
  92  7:34  Stalker x2  
  92  7:35  Stalker  
  92  7:36  Stalker  
  96  7:46  Stalker  
  96  7:47  Stalker  
  96  7:48  Probe x3  
  101  7:52  Stalker x2  
  105  8:04  Observer (Chrono Boost)  
  106  8:08  Stalker  
  106  8:11  Pylon  
  108  8:14  Pylon  
  108  8:16  Pylon  
  108  8:17  Pylon  
  108  8:18  Stalker  
  107  8:20  Stalker  
  109  8:31  Stalker x4  
  117  8:35  Stalker x2  
  121  8:43  Probe x3  
  110  8:59  Stalker x7  
  115  9:05  Sentry  
  115  9:06  Observer  
  115  9:08  Probe  
Show
View Real Time Build Order
Export as new Build Order

JieShi Protoss 

Build Orders: Blink Stalkers 

Get SALT Encoding   

  12  0:00  Probe  
  13  0:12  Probe  
  14  0:17  Pylon  
  14  0:24  Probe (Chrono Boost)  
  15  0:37  Probe (Chrono Boost)  
  15  0:38  Gateway  
  16  0:43  Probe (Chrono Boost)  
  16  0:46  Assimilator  
  17  0:51  Probe  
  17  0:55  Assimilator  
  18  1:03  Probe (Chrono Boost)  
  19  1:09  Gateway  
  19  1:13  Probe (Chrono Boost)  
  19  1:18  Probe (Chrono Boost)  
  20  1:25  Cybernetics Core  
  21  1:29  Probe  
  22  1:35  Pylon  
  22  1:42  Probe  
  23  1:54  Probe  
  24  2:01  Stalker, Warp Gate  
  24  2:02  Stalker  
  28  2:12  Pylon  
  28  2:18  Shield Battery  
  28  2:28  Pylon  
  28  2:34  Twilight Council  
  28  2:37  Stalker  
  30  2:46  Stalker  
  32  3:04  Nexus  
  32  3:09  Blink (Chrono Boost)  
  32  3:18  Probe (Chrono Boost)  
  32  3:30  Probe (Chrono Boost)  
  33  3:35  Pylon  
  33  3:36  Probe (Chrono Boost)  
  34  3:43  Shield Battery  
  34  3:44  Probe  
  35  3:49  Sentry  
  35  3:51  Stalker  
  39  3:56  Probe  
  40  4:03  Shield Battery  
  41  4:10  Probe (Chrono Boost)  
  41  4:13  Stalker  
  41  4:16  Probe (Chrono Boost)  
  42  4:26  Probe x2 (Chrono Boost)  
  43  4:32  Stalker  
  43  4:33  Probe x2  
  46  4:45  Probe x2  
  48  4:47  Stalker  
  50  4:56  Stalker  
  50  4:57  Probe x2  
  54  5:08  Forge  
  54  5:09  Probe x2  
  54  5:12  Stalker  
  58  5:17  Pylon  
  58  5:21  Probe x2  
  60  5:33  Probe x2  
  62  5:36  Protoss Ground Weapons Level 1 (Chrono Boost)  
  62  5:42  Dark Shrine  
  60  5:45  Probe x2, Assimilator  
  60  5:57  Probe x2  
  60  6:00  Assimilator  
  60  6:02  Gateway  
  60  6:03  Pylon  
  62  6:09  Probe x2  
  62  6:11  Pylon  
  64  6:15  Nexus  
  64  6:16  Pylon  
  64  6:21  Stalker  
  64  6:24  Probe  
  64  6:25  Probe  
  68  6:33  Robotics Facility  
  68  6:46  Gateway  
  69  6:47  Probe x2  
  69  6:50  Pylon  
  70  6:57  Dark Templar x2  
  73  7:01  Dark Templar  
  73  7:03  Probe x2  
  73  7:06  Charge (Chrono Boost)  
  77  7:10  Pylon  
  77  7:15  Probe x2  
  78  7:17  Gateway  
  78  7:18  Gateway  
  78  7:23  Observer (Chrono Boost)  
  78  7:28  Probe x3  
  78  7:29  Shield Battery  
  82  7:36  Dark Templar  
  82  7:40  Probe x3  
  82  7:42  Immortal (Chrono Boost)  
  87  7:52  Probe x2  
  87  7:55  Photon Cannon  
  87  7:56  Pylon  
  89  8:04  Probe  
  88  8:09  Dark Templar  
  88  8:11  Dark Templar  
  92  8:14  Immortal (Chrono Boost)  
  96  8:24  Gateway  
  96  8:29  Gateway  
  96  8:31  Photon Cannon  
  96  8:32  Zealot x2, Dark Templar x2  
  102  8:37  Archon  
  102  8:44  Zealot x2  
  106  8:54  Zealot  
  106  8:57  Immortal (Chrono Boost)  
  106  8:59  Zealot  
  98  9:06  Stalker x2  
  67  9:17  Zealot  
  67  9:22  Zealot x2  
  67  9:23  Dark Templar  
Tags
 
Add a new tag
Caveats
  • Supply blocks, unpowered buildings, or Contaminate may cause inaccurate times.
  • Supply counts are checked every 10 seconds.